 Dungeon Crawl Stone Soup version 0.27.1-37-g7b29ead8ac (webtiles) character file.

Game seed: 1330757258713981043

1670993 Ssss the Conqueror (level 27, 249/249 HPs)
             Began as a Formicid Fighter on Aug 2, 2023.
             Was the Champion of Okawaru.
             Escaped with the Orb
             ... and 3 runes on Aug 16, 2023!
             The game lasted 04:31:08 (80581 turns).

Ssss the Conqueror (Formicid Fighter)              Turns: 80581, Time: 04:31:09

Health: 249/249    AC: 43    Str: 32    XL:     27
Magic:  46/46      EV: 13    Int: 17    God:    Okawaru [******]
Gold:   11126      SH: 34    Dex: 12    Spells: 43/46 levels left

rFire    + + +     SeeInvis +   o - +7 lajatang (speed)
rCold    + + .     Faith    .   c - +8 tower shield {reflect}
rNeg     . . .     Spirit   .   d - +9 scales of the Dragon King {rPois rF+ rC+ Will+}
rPois    +         Reflect  +   (helmet unavailable)
rElec    +         Harm     .   y - scarf {rC+ rF+}
rCorr    .         Rampage  .   D - +2 pair of gloves {Str+3}
Will     +++++                  L - +3 pair of boots of Tegez {Str+4 Int+2}
Stlth    ..........             v - amulet "Vyhun" {-Tele Will+++ Regen+ Str-2 Int+4 Dex+2}
HPRegen  1.51/turn              N - ring of protection from fire
MPRegen  0.30/turn              T - ring of Fytohiopp {rElec rPois Will+++ MP+9 Str-4}

@: no status effects
A: permanent stasis, dig shafts and tunnels, antennae 3, four strong arms, large
bone plates 1, screaming 2, shaggy fur 1, subdued magic 2
0: Orb of Zot
}: 3/15 runes: barnacled, silver, gossamer
a: Dig, Shaft Self, Renounce Religion, Heroism, Finesse


You escaped.
You worshipped Okawaru.
Okawaru was exalted by your worship.
You visited 10 branches of the dungeon, and saw 50 of its levels.
You also visited: Trove, Ossuary, Bailey, Ice Cave, Volcano and Wizlab.

You collected 11865 gold pieces.
You spent 739 gold pieces at shops.

Inventory:

Hand Weapons
 a - a +9 vampiric lajatang
 b - the +8 arbalest of Intimidation {flame, rPois SInv}
   (You found it on level 3 of the Elven Halls)

   Any ammunition fired from it burns those it strikes, dealing additional fire
   damage.
   rPois:     It protects you from poison.
   SInv:      It lets you see invisible.
 f - the +2 arbalest "Goel" {speed, Str+4 Int+2 Stlth+}
   (Okawaru gifted it to you on level 3 of the Depths)

   Attacks with this weapon are significantly faster.
   Str:       It affects your strength (+4).
   Int:       It affects your intelligence (+2).
   Stlth:     It makes you more stealthy.
 o - a +7 lajatang of speed (weapon)
 K - the +4 arbalest "Ituar" {penet, Will+}
   (Okawaru gifted it to you on level 5 of the Realm of Zot)

   Any ammunition fired by it passes through the targets it hits, potentially
   hitting all targets in its path until it reaches maximum range.
   Will:      It increases your willpower.
 O - a +3 antimagic quarterstaff
Missiles
 q - 1472 bolts
 x - 4 throwing nets (quivered)
Armour
 c - a +8 tower shield of reflection (worn)
 d - the +9 scales of the Dragon King (worn) {rPois rF+ rC+ Will+}
   (Okawaru gifted it to you on level 4 of the Depths)

   rF:        It protects you from fire.
   rC:        It protects you from cold.
   rPois:     It protects you from poison.
   Will:      It increases your willpower.
 y - a scarf of resistance (worn)
 D - a +2 pair of gloves of strength (worn)
 L - the +3 pair of boots of Tegez (worn) {Str+4 Int+2}
   (Okawaru gifted it to you in a wizard's laboratory)

   Str:       It affects your strength (+4).
   Int:       It affects your intelligence (+2).
Jewellery
 k - a ring of resist corrosion
 m - a +4 ring of slaying
 v - the amulet "Vyhun" (around neck) {-Tele Will+++ Regen+ Str-2 Int+4 Dex+2}
   (You found it in a treasure trove)

   [amulet of regeneration]

   Str:       It affects your strength (-2).
   Int:       It affects your intelligence (+4).
   Dex:       It affects your dexterity (+2).
   -Tele:     It prevents most forms of teleportation.
   Regen:     It increases your rate of health regeneration.
   Will:      It greatly increases your willpower.
 N - a ring of protection from fire (left hand)
 R - a ring of positive energy
 T - the ring of Fytohiopp (right hand) {rElec rPois Will+++ MP+9 Str-4}
   (You found it in an ice cave)

   [ring of magical power]

   Str:       It affects your strength (-4).
   rElec:     It insulates you from electricity.
   rPois:     It protects you from poison.
   MP:        It affects your magic capacity (+9).
   Will:      It greatly increases your willpower.
 U - the ring of Wuurhate {Ice rPois rN+ Int-5 Dex+4}
   (You found it in an ice cave)

   [ring of ice]

   It enhances your ice magic.
   Int:       It affects your intelligence (-5).
   Dex:       It affects your dexterity (+4).
   rF:        It makes you vulnerable to fire.
   rC:        It protects you from cold.
   rPois:     It protects you from poison.
   rN:        It protects you from negative energy.
Wands
 h - a wand of polymorph (8)
 r - a wand of acid (16)
 s - a wand of charming (28)
 B - a wand of flame (173)
 E - a wand of paralysis (6)
 G - a wand of iceblast (106)
 H - a wand of mindburst (33)
 Q - a wand of digging (21)
Scrolls
 i - 5 scrolls of immolation
 j - 8 scrolls of fear
 p - 2 scrolls of holy word
 z - 5 scrolls of fog
 I - 3 scrolls of summoning
 P - 5 scrolls of magic mapping
 W - a scroll of acquirement
 Y - a scroll of silence
Potions
 e - 9 potions of lignification
 g - 7 potions of might
 l - 23 potions of curing
 u - 7 potions of resistance
 w - 15 potions of brilliance
 A - 5 potions of cancellation
 C - 7 potions of heal wounds
 F - 5 potions of mutation
 S - 6 potions of flight
 V - 6 potions of ambrosia
 X - 5 potions of magic
 Z - 2 potions of invisibility
Miscellaneous
 n - a lightning rod (4/4)
 t - a tin of tremorstones (2/2)
 J - a condenser vane
 M - a phantom mirror


   Skills:
 O Level 27 Fighting
 - Level 18.0 Staves
 - Level 18.0 Crossbows
 - Level 22.0 Armour
 + Level 15.4 Dodging
 - Level 15.0 Shields
 - Level 10.0 Spellcasting
 - Level 11.0 Ice Magic
 - Level 19.0 Invocations
 - Level 19.0 Evocations


You had 43 spell levels left.
You knew the following spells:

 Your Spells              Type           Power      Damage    Failure   Level
a - Frozen Ramparts       Ice            56%        1d7       1%          3

Your spell library contained the following spells:

 Spells                   Type           Power      Damage    Failure   Level
 Freeze                   Ice            100%       1d11      1%          1
 Ozocubu's Armour         Ice            28%        N/A       1%          3
 Animate Skeleton         Necr           10%        N/A       43%         1
 Apportation              Tloc           10%        N/A       43%         1
 Beastly Appendage        Tmut           10%        N/A       43%         1
 Corona                   Hex            5%         N/A       43%         1
 Foxfire                  Conj/Fire      20%        2x1d5     43%         1
 Magic Dart               Conj           20%        1d4       43%         1
 Pain                     Necr           20%        1d5       43%         1
 Sandblast                Erth           10%        2d5       43%         1
 Summon Small Mammal      Summ           20%        N/A       43%         1
 Hailstorm                Conj/Ice       17%        3d6       45%         4
 Ice Form                 Ice/Tmut       17%        N/A       45%         4
 Summon Ice Beast         Ice/Summ       17%        N/A       45%         4
 Corpse Rot               Necr/Air       N/A        N/A       58%         2
 Passwall                 Tmut/Erth      4%         N/A       58%         2
 Searing Ray              Conj           10%        3d3       58%         2
 Sublimation of Blood     Necr           2%         N/A       58%         2
 Wereblood                Tmut           5%         N/A       58%         2
 Metabolic Englaciation   Hex/Ice        8%         N/A       82%         5
 Call Canine Familiar     Summ           5%         N/A       83%         3
 Conjure Flame            Conj/Fire      5%         6-21      83%         3
 Dazzling Flash           Conj/Hex       10%        N/A       83%         3
 Inner Flame              Hex/Fire       5%         N/A       83%         3
 Lesser Beckoning         Tloc           2%         N/A       83%         3
 Portal Projectile        Hex/Tloc       10%        N/A       83%         3
 Spider Form              Tmut/Pois      2%         N/A       83%         3
 Stone Arrow              Conj/Erth      10%        3d7       83%         3
 Summon Guardian Golem    Hex/Summ       5%         N/A       83%         3
 Vampiric Draining        Necr           2%         2d6       83%         3
 Animate Dead             Necr           2%         N/A       99%         4
 Cause Fear               Hex            2%         N/A       99%         4
 Dispel Undead            Necr           5%         3d7       99%         4
 Fulminant Prism          Conj/Hex       2%         3d6       99%         4
 Iskenderun's Mystic Bla  Conj/Tloc      5%         2d3       99%         4
 Passage of Golubria      Tloc           N/A        N/A       99%         4
 Petrify                  Tmut/Erth      5%         N/A       99%         4
 Ozocubu's Refrigeration  Ice            14%        4d7       99%         7
 Agony                    Necr           5%         N/A       100%        5
 Alistair's Intoxication  Tmut/Pois      3%         N/A       100%        5
 Blade Hands              Tmut           2%         N/A       100%        5
 Bolt of Magma            Conj/Fire/Erth 2%         4d4       100%        5
 Borgnjor's Vile Clutch   Necr/Erth      2%         N/A       100%        5
 Excruciating Wounds      Necr           2%         N/A       100%        5
 Irradiate                Conj/Tmut      2%         3d14      100%        5
 Lee's Rapid Deconstruct  Erth           2%         3d6*      100%        5
 Silence                  Hex/Air        2%         N/A       100%        5
 Summon Forest            Summ/Tloc      2%         N/A       100%        5
 Summon Mana Viper        Hex/Summ       5%         N/A       100%        5
 Death Channel            Necr           2%         N/A       100%        6
 Dispersal                Tloc           2%         N/A       100%        6
 Invisibility             Hex            2%         N/A       100%        6
 Shadow Creatures         Summ           N/A        N/A       100%        6
 Simulacrum               Ice/Necr       8%         N/A       100%        6
 Dragon Form              Tmut           2%         N/A       100%        7
 Haunt                    Necr/Summ      2%         N/A       100%        7
 Orb of Destruction       Conj           2%         9d1       100%        7
 Spellforged Servitor     Conj/Summ      2%         N/A       100%        7
 Infestation              Necr           2%         N/A       100%        8
 Lehudib's Crystal Spear  Conj/Erth      2%         10d2      100%        8
 Chain Lightning          Conj/Air       2%         3d3       100%        9
 Dragon's Call            Summ           2%         N/A       100%        9
 Fire Storm               Conj/Fire      2%         8d1       100%        9
 Shatter                  Erth           2%         3d6*      100%        9


Dungeon Overview and Level Annotations

Branches:
Dungeon (15/15)            Temple (1/1) D:6            Lair (6/6) D:11
 Shoals (4/4) Lair:4       Spider (4/4) Lair:2        Slime (0/5) Lair:5
    Orc (2/2) D:10            Elf (3/3) Orc:2        Vaults (5/5) D:13
  Crypt (0/3) Vaults:2     Depths (5/5) D:15            Zot (5/5) Depths:5
Ossuary (visited)          Bailey (visited)           IceCv (visited)
Volcano (visited)          WizLab (visited)

Altars:
Ashenzari
Cheibriados
Dithmenos
Elyvilon
Fedhas
Gozag
Hepliaklqana
Kikubaaqudgha
Makhleb
Nemelex Xobeh
Okawaru
Qazlal
Ru
Sif Muna
Trog
Uskayaw
Vehumet
Wu Jian
Xom
Yredelemnul
Zin
The Shining One
Jiyva
Lugonu

Shops:
D:13 [   Orc:2 *=(((*[[   Shoals:3 *   Vaults:3 :   Depths:3 =

Portals:
Hell: Depths:1 Depths:2 Depths:3 Depths:4 Depths:5
Abyss: Depths:3 Depths:4 Depths:5
Pandemonium: Depths:2 Depths:3
Ziggurat: Depths:4

Annotations:
D:3 exclusion: 2 downstairs
D:5 exclusion: downstairs
D:8 exclusion: downstairs
D:11 2 transporters, makewrite's ghost, journeyman MiAK
D:13 2 transporters, Jodyom's ghost, journeyman GrMo
Lair:1 2 transporters, exclusion: 2 oklob plants
Lair:2 exclusion: downstairs
Shoals:2 2 transporters, Heezod's ghost, journeyman MiBe
Shoals:3 exclusion: downstairs
Spider:3 1 runed translucent door, exclusion: door, Cumifues's ghost, journeyman MiMo
Orc:1 exclusion: downstairs
Elf:2 3 runed translucent doors, exclusion: 3 doors
Vaults:3 exclusion: downstairs
Depths:1 exclusion: downstairs
Depths:3 exclusion: downstairs
Depths:4 exclusion: 5 downstairs
Depths:5 exclusion: 2 downstairs


Innate Abilities, Weirdness & Mutations

You cannot be hasted, slowed, berserked, paralysed or teleported.
You can dig through walls and to a lower floor.
You have a pair of large antennae on your head. (SInv)
Your four strong arms can wield two-handed weapons with a shield.
You are partially covered in large bone plates. (SH +4)
You frequently scream uncontrollably at your foes.
You are covered in fur. (AC +1)
Your spells are easier to cast, but less powerful.


Message History

(Z) Zot
Where to? (Enter - D:1 @ (x,y), ? - help)
Okay, then.
Unknown command.
(D) Dungeon (T) Temple (L) Lair (A) Shoals (N) Spider Nest (M) Slime Pits (O) Orcish Mines (E) Elven Halls (V) Vaults (C) Crypt (U) Depths (H) Hell (Z) Zot
Where to? (Enter - D:1 @ (x,y), ? - help)
There is a stone staircase leading up here.
You climb upwards.
There is a stone staircase leading down here.
There is a stone staircase leading up here.
You climb upwards.
Level annotation: exclusion: 2 downstairs
There is a stone staircase leading down here.
There is an open door here.
There is an open door here.
There is a stone staircase leading up here.
You climb upwards.
There is a stone staircase leading down here.
A ynoxinul comes into view.
The ynoxinul moves out of view.
You extend your mandibles.
You dig through the rock wall.
You dig through the rock wall.
You dig through the rock wall.
You retract your mandibles.
There is a stone staircase leading up here.
You climb upwards.
There is a stone staircase leading down here.
(D) Dungeon (T) Temple (L) Lair (A) Shoals (N) Spider Nest (M) Slime Pits (O) Orcish Mines (E) Elven Halls (V) Vaults (C) Crypt (U) Depths (H) Hell (Z) Zot
Where to? (Enter - D:1 @ (x,y), ? - help)
Okay, then.
There is an open door here.
There is a staircase leading out of the dungeon here.
You have escaped!

.....##....# #.#.##########
..######.#.# #.#........... ....#
#.#.#########.#.#########.
..#.####..........##.#.## #.
.##.........####..##....# #.
.######.................########.
.# #.#####.#####.....##....... ##
#.#...#.#...#.....##.######
##.#...#.'.@.#....(##.#
#..#...#.#...#........#
#..##'##.#####........#
#................(....#
######..#####.##'##.....#..#
........#...#.#...#.#...#..#
...#.#..#...'.#.>.#.#...#..######
####.##.#...#.#...#.............>
#.##.#####.#####..............


There were no monsters in sight!

Vanquished Creatures
  2 ancient liches
  11 orbs of fire
  Mara (Spider:4)
  Mennas (Vaults:4)
  2 juggernauts
  Sojobo (Vaults:4)
  Frederick (Vaults:3)
  Bai Suzhen (Spider:4)
  Saint Roka (Depths:1)
  5 Killer Klowns
  2 caustic shrikes (Depths:3)
  A curse toe (Zot:5)
  18 golden dragons
  Nikola (Shoals:1)
  A Tzitzimitl (D:14)
  Jorgrun (D:13)
  Rupert (D:14)
  A lich (Depths:4)
  4 electric golems
  21 tentacled monstrosities
  2 Ice Fiends
  3 deep elf blademasters
  27 Orb Guardians
  7 titans
  2 deep elf master archers (Elf:3)
  12 quicksilver dragons
  2 krakens
  7 sphinxes
  Kirke (Spider:1)
  An ancient champion (Vaults:2)
  9 death cobs
  A shadow dragon (shapeshifter) (Elf:3)
  13 shadow dragons
  Frances (D:14)
  Polyphemus (Shoals:4)
  8 draconian knights
  Agnes (Elf:1)
  Donald (Spider:2)
  14 storm dragons
  12 tengu reavers
  4 draconian monks
  2 azure jellies (IceCv)
  13 fire giants
  13 frost giants
  An iron dragon (Vaults:4)
  Aizul (Depths:1)
  8 draconian scorchers
  11 vault wardens
  6 deep elf sorcerers
  A warmonger (Zot:5)
  8 deep elf elementalists
  7 ghost moths
  4 emperor scorpions
  2 balrugs
  2 reapers
  21 ironbound preservers
  7 draconian shifters
  12 draconian annihilators
  6 draconian stormcallers
  18 stone giants
  35 very ugly things
  3 quicksilver oozes (IceCv)
  3 war gargoyles
  12 green draconians
  6 deep elf annihilators
  Nessos (D:13)
  4 deep elf demonologists
  3 vampire knights (Depths:2)
  12 black draconians
  A lorocyproca (WizLab)
  15 red draconians
  3 minotaurs (Shoals:4)
  A spark wasp (shapeshifter) (Depths:4)
  14 dire elephants
  20 yellow draconians
  6 entropy weavers
  8 white draconians
  8 spark wasps
  A minotaur (shapeshifter) (Vaults:5)
  13 purple draconians
  8 deep elf death magi
  A crystal guardian (Vaults:3)
  2 blizzard demons (WizLab)
  2 green deaths (WizLab)
  A merfolk javelineer (Shoals:3)
  5 merfolk impalers
  22 fire dragons
  11 great orbs of eyes
  19 ettins
  Josephine (Orc:1)
  3 deep elf high priests
  17 yaktaur captains
  15 ice dragons
  11 hydras
  37 vault guards
  3 hell beasts
  3 boulder beetles
  9 ironbound thunderhulks
  7 rakshasas
  5 merfolk avatars
  3 peacekeepers
  10 ironbound frosthearts
  9 spriggan air magi
  13 two-headed ogres
  3 ogre magi
  3 merfolk aquamancers
  6 death yaks
  2 catoblepae
  23 centaur warriors
  7 deep troll shamans
  2 vampire magi
  A death knight (D:15)
  12 satyrs
  25 dancing weapons
  8 deep troll earth magi
  12 ironbound beastmasters
  Urug (D:13)
  6 tengu warriors
  9 spriggan berserkers
  2 spriggans (Depths:3)
  A titan zombie (Vaults:3)
  25 hell knights
  Sonja (D:12)
  2 sun demons
  Nergalle (Lair:2)
  2 soul eaters (WizLab)
  20 deep elf knights
  5 glowing orange brains
  A death drake (shapeshifter) (Elf:2)
  A death drake (Depths:5)
  7 iron trolls
  10 sea snakes
  4 skeletal warriors
  8 deep elf archers
  2 infernal demonspawn (Zot:5)
  2 shadow demons
  64 deep trolls
  Pikel (D:6)
  An obsidian statue (Zot:5)
  8 lindwurms
  18 ironbound convokers
  9 wizards
  6 phantasmal warriors
  A shadow dragon zombie (Vaults:3)
  32 wolf spiders
  29 deep elf pyromancers
  A glowing shapeshifter (Depths:3)
  7 necromancers
  7 orc knights
  31 harpies
  26 orb spiders
  23 deep elf zephyrmancers
  A cyclops (shapeshifter) (Depths:4)
  A stone giant zombie (D:15)
  6 orc sorcerers
  A fire giant zombie (D:15)
  12 cyclopes
  22 fauns
  A sphinx skeleton (Vaults:3)
  32 ugly things
  26 manticores
  32 moths of wrath
  An ice statue (IceCv)
  6 elephants (Lair:6)
  2 black mambas
  16 vault sentinels
  7 merfolk sirens
  5 torpor snails
  3 smoke demons
  7 water nymphs
  A yaktaur zombie (Vaults:1)
  10 cane toads
  3 unseen horrors
  3 gargoyles
  A hellion (Zot:5)
  8 rime drakes
  Maggie (Lair:2)
  8 large abominations (Depths:3)
  2 freezing wraiths (D:15)
  3 entropy weaver simulacra (IceCv)
  31 yaktaurs
  A rime drake (shapeshifter) (Elf:2)
  2 ice devils
  3 efreet
  15 komodo dragons
  4 tengu conjurers
  A kobold demonologist (D:12)
  12 demonic crawlers
  2 red devils (Depths:3)
  2 hellwings (Depths:2)
  4 trolls
  22 merfolk
  A meliai (D:13)
  35 jumping spiders
  5 wind drakes
  A meliai (shapeshifter) (Depths:4)
  4 polar bears
  Grinder (D:6)
  30 blink frogs
  A slime creature (shapeshifter) (Elf:3)
  14 hornets
  29 slime creatures
  8 dream sheep (Shoals:4)
  A fire dragon zombie (D:15)
  8 snapping turtles
  6 air elementals
  A deep troll skeleton (D:15)
  2 shadows
  116 redbacks
  25 water elementals
  5 fire elementals
  A tarantella (shapeshifter) (Vaults:4)
  44 tarantellas
  8 wyverns
  12 wraiths
  A human (shapeshifter) (Vaults:4)
  2 ynoxinuls (WizLab)
  2 hogs (Spider:1)
  16 humans (D:13)
  67 yaks
  9 vampire mosquitoes (D:13)
  8 basilisks
  3 neqoxecs
  A yak (shapeshifter) (Vaults:5)
  8 chaos spawn
  3 steam dragons
  A human simulacrum (Vaults:1)
  A warg (Orc:1)
  Edmund (D:4)
  21 water moccasins
  3 demonic crawler simulacra (IceCv)
  Duvessa (D:4)
  24 orc warriors
  2 ugly thing simulacra (IceCv)
  A necrophage (D:5)
  An ice beast (D:5)
  10 ogres
  4 wolves (Lair:5)
  A phantom (D:5)
  18 centaurs
  4 lemures
  3 kobold brigands
  3 small abominations (Depths:3)
  14 bullfrogs
  3 elf skeletons (D:5)
  4 glowing shapeshifter simulacra (IceCv)
  An earth elemental (Orc:2)
  2 gnoll sergeants
  4 water moccasin zombies (Ossuary)
  Dowan (D:4)
  A scorpion (D:6)
  13 killer bees
  10 wights
  6 electric eels
  6 howler monkeys
  12 centaur zombies
  3 bullfrog zombies
  2 centaur skeletons (D:7)
  4 human zombies
  2 jellies
  2 bullfrog skeletons (D:5)
  14 orc priests
  2 hounds
  2 human skeletons (D:5)
  A scorpion zombie (D:5)
  An iguana (D:5)
  Ijyb (D:3)
  11 hell rats (Lair:6)
  19 orc wizards
  A killer bee zombie (D:5)
  2 hound skeletons (D:5)
  2 mummies (Ossuary)
  An adder (shapeshifter) (Depths:2)
  A howler monkey skeleton (D:6)
  7 adders
  6 gnolls
  3 white imps
  An ufetubus (D:5)
  An adder skeleton (D:4)
  3 adder zombies (Ossuary)
  4 dart slugs
  55 orcs
  9 endoplasms
  A giant cockroach (D:1)
  6 gnoll zombies (Ossuary)
  8 goblins
  7 hobgoblins
  5 quokkas
  9 ball pythons
  3 ball python zombies (D:2)
  5 bats
  A frilled lizard (D:1)
  5 hobgoblin zombies (Ossuary)
  15 kobolds
  6 kobold zombies (Ossuary)
  7 orc zombies (Ossuary)
  8 rats
  2 tentacles (Shoals:1)
2435 creatures vanquished.

Vanquished Creatures (collateral kills)
  A seraph (Depths:1)
  2 daevas (Depths:1)
  A merfolk avatar (Shoals:2)
  An alligator snapping turtle (Shoals:2)
  A sea snake (Shoals:2)
  A cherub (Depths:1)
  A faun (Shoals:2)
8 creatures vanquished.

Vanquished Creatures (others)
  A redback (Spider:1)
  2 humans (Spider:1)
  A demonic crawler simulacrum (IceCv)
  30 fungi
  77 plants
  11 tentacles
  13 withered plants
135 creatures vanquished.

Grand Total: 2578 creatures vanquished

Notes
Turn   | Place    | Note
-------+----------+-------------------------------------------
     0 | D:1      | Ssss the Formicid Fighter began the quest for the Orb.
     0 | D:1      | Reached XP level 1. HP: 18/18 MP: 1/1
   173 | D:1      | Reached XP level 2. HP: 24/24 MP: 2/2
   389 | D:1      | You fall into a shaft and drop 1 floor!
   396 | D:2      | Reached XP level 3. HP: 29/29 MP: 3/3
  1075 | D:1      | Reached XP level 4. HP: 11/35 MP: 4/4
  1342 | D:1      | You fall into a shaft and drop 1 floor!
  1396 | D:1      | Found a faded altar of an unknown god.
  1980 | D:2      | Found a glowing silver altar of Zin.
  2138 | D:2      | Reached skill level 5 in Shields
  2407 | D:3      | Reached XP level 5. HP: 18/41 MP: 5/5
  2943 | D:3      | Noticed Ijyb
  2953 | D:3      | Killed Ijyb
  3039 | D:3      | Reached XP level 6. HP: 31/47 MP: 6/6
  3716 | D:4      | Noticed Edmund
  3812 | D:4      | Identified a scroll of acquirement
  3844 | D:4      | Noticed Duvessa
  3849 | D:4      | Noticed Dowan
  3850 | D:4      | Killed Duvessa
  3858 | D:4      | Killed Dowan
  3859 | D:4      | Reached skill level 5 in Staves
  3859 | D:4      | Reached XP level 7. HP: 30/52 MP: 7/7
  4229 | D:4      | Killed Edmund
  4738 | D:5      | Entered Level 5 of the Dungeon
  4754 | D:5      | Reached skill level 4 in Fighting
  4905 | D:5      | Reached XP level 8. HP: 53/61 MP: 8/8
  4964 | D:5      | Found a sand-covered staircase.
  4978 | D:5      | Reached skill level 5 in Fighting
  4981 | Ossuary  | Entered an ossuary
  5075 | Ossuary  | Reached skill level 5 in Armour
  5094 | Ossuary  | Reached skill level 6 in Fighting
  5742 | D:5      | Reached XP level 9. HP: 69/71 MP: 9/9
  5881 | D:5      | Reached skill level 7 in Fighting
  6215 | D:5      | Acquired 908 gold pieces
  6217 | D:5      | Acquired a +0 lajatang of pain
  6424 | D:6      | Noticed a hornet
  6432 | D:5      | Killed a hornet
  6573 | D:6      | Noticed Grinder
  6725 | D:6      | Killed Grinder
  6726 | D:6      | Reached skill level 8 in Fighting
  6921 | D:6      | Identified the +5 mace of the Penguin {elec, rN+}
  6977 | D:6      | Found a staircase to the Ecumenical Temple.
  6988 | Temple   | Entered the Ecumenical Temple
  7185 | Temple   | Became a worshipper of Warmaster Okawaru
  7258 | D:6      | Noticed Pikel
  7690 | D:6      | Found a staircase to the Ecumenical Temple.
  7917 | D:6      | Killed Pikel
  7917 | D:6      | Reached * piety under Okawaru
  7918 | D:6      | Reached skill level 9 in Fighting
  7918 | D:6      | Reached XP level 10. HP: 83/83 MP: 9/12
  8389 | D:7      | Reached skill level 5 in Invocations
  8550 | D:7      | Reached ** piety under Okawaru
  8696 | D:8      | Found a burning altar of Makhleb.
  8816 | D:8      | Found a blossoming altar of Fedhas.
  8817 | D:8      | Found a hide-covered altar of Uskayaw.
  8820 | D:8      | Found an ancient bone altar of Kikubaaqudgha.
  8820 | D:8      | Found a stormy altar of Qazlal.
  8821 | D:8      | Found a snail-covered altar of Cheibriados.
  8821 | D:8      | Found a basalt altar of Yredelemnul.
  8822 | D:8      | Found a glowing silver altar of Zin.
  9024 | D:8      | Reached skill level 10 in Fighting
  9534 | D:8      | Reached *** piety under Okawaru
  9551 | D:8      | Reached XP level 11. HP: 84/89 MP: 14/14
  9553 | D:8      | Reached skill level 10 in Staves
  9607 | D:8      | Identified the +4 scimitar of Evisceration {protect, Str+2
                  | Dex+2 Stlth+}
  9607 | D:8      | Noticed a centaur warrior
  9642 | D:8      | Killed a centaur warrior
 10327 | D:9      | Noticed a two-headed ogre
 10334 | D:9      | Killed a two-headed ogre
 10334 | D:9      | Reached **** piety under Okawaru
 10519 | D:9      | Reached skill level 11 in Fighting
 10590 | D:9      | Noticed a two-headed ogre
 10600 | D:9      | Killed a two-headed ogre
 10663 | D:9      | Noticed a two-headed ogre
 10673 | D:9      | Killed a two-headed ogre
 10932 | D:10     | Entered Level 10 of the Dungeon
 10979 | D:10     | Reached ***** piety under Okawaru
 11002 | D:10     | Found a staircase to the Orcish Mines.
 11245 | D:10     | Reached XP level 12. HP: 102/102 MP: 17/17
 11251 | D:10     | Reached skill level 12 in Fighting
 11334 | D:10     | Reached skill level 1 in Dodging
 12021 | D:11     | Noticed a two-headed ogre
 12021 | D:11     | Noticed a two-headed ogre
 12167 | D:11     | Noticed a two-headed ogre
 12171 | D:11     | Noticed a seven-headed hydra
 12173 | D:11     | Noticed makewrite's ghost (journeyman MiAK)
 12180 | D:11     | Found a transporter.
 12579 | D:11     | Found a transporter.
 12864 | D:11     | Found a staircase to the Lair.
 12968 | Lair:1   | Entered Level 1 of the Lair of Beasts
 13056 | Lair:1   | Found a transporter.
 13398 | Lair:1   | Found a transporter.
 13873 | Lair:2   | Noticed Maggie
 13885 | Lair:2   | Killed Maggie
 13912 | Lair:2   | Found a hole to the Spider Nest.
 13923 | Lair:2   | Noticed Nergalle
 13957 | Lair:2   | Killed Nergalle
 14052 | Lair:2   | Noticed a five-headed hydra
 14073 | Lair:2   | Killed a five-headed hydra
 14073 | Lair:2   | Received a gift from Okawaru
 14152 | Lair:2   | Reached skill level 13 in Fighting
 14160 | Lair:2   | Reached XP level 13. HP: 111/111 MP: 19/19
 14783 | Lair:3   | Reached ****** piety under Okawaru
 14801 | Lair:2   | Received a gift from Okawaru
 15394 | Lair:3   | Reached skill level 14 in Fighting
 15623 | Lair:3   | Found an ancient bone altar of Kikubaaqudgha.
 15914 | Lair:4   | Found a frozen archway.
 15920 | IceCv    | Entered an ice cave
 16572 | IceCv    | Found a viscous altar of Jiyva.
 16572 | IceCv    | Noticed a quicksilver ooze
 16572 | IceCv    | Noticed an azure jelly
 16585 | IceCv    | Killed an azure jelly
 16590 | IceCv    | Killed a quicksilver ooze
 16592 | IceCv    | Noticed an azure jelly
 16607 | IceCv    | Killed an azure jelly
 16625 | IceCv    | Noticed a quicksilver ooze
 16634 | IceCv    | Killed a quicksilver ooze
 16722 | IceCv    | Noticed a quicksilver ooze
 16729 | IceCv    | Killed a quicksilver ooze
 16729 | IceCv    | Received a gift from Okawaru
 16730 | IceCv    | Reached XP level 14. HP: 88/121 MP: 17/20
 16793 | IceCv    | Identified the ring of Fytohiopp {rElec rPois Will+++ MP+9
                  | Str-4}
 16799 | IceCv    | Got the ring of Wuurhate {Ice rPois rN+ Int-5 Dex+4}
 16996 | Lair:4   | Found a staircase to the Shoals.
 17233 | Lair:4   | Reached skill level 10 in Armour
 17251 | Lair:4   | Reached skill level 15 in Fighting
 17754 | Lair:4   | Reached skill level 10 in Invocations
 18222 | Lair:5   | Found a staircase to the Slime Pits.
 18222 | Lair:5   | Found a viscous altar of Jiyva.
 18586 | Lair:5   | Received a gift from Okawaru
 18898 | Lair:5   | Found a snail-covered altar of Cheibriados.
 19367 | Lair:6   | Entered Level 6 of the Lair of Beasts
 19555 | Lair:6   | Reached XP level 15. HP: 115/129 MP: 23/23
 19678 | Lair:6   | Found a shadowy altar of Dithmenos.
 20012 | Lair:6   | Received a gift from Okawaru
 20078 | Lair:6   | Reached skill level 16 in Fighting
 20226 | Lair:6   | Found the +8 trident of the Octopus King {venom, rElec
                  | rPois Will+}
 20521 | Lair:6   | Received a gift from Okawaru
 20819 | Lair:6   | Identified the +1 robe of Henotheism {+Blink rPois MP+9
                  | Dex+7}
 20983 | Orc:1    | Entered Level 1 of the Orcish Mines
 21041 | Orc:1    | Noticed Josephine
 21064 | Orc:1    | Killed Josephine
 21102 | Orc:1    | Found a dark tunnel.
 21128 | Volcano  | Entered a volcano
 21632 | Orc:1    | You are sucked into a shaft and drop 1 floor!
 21632 | Orc:2    | Entered Level 2 of the Orcish Mines
 21726 | Orc:2    | Reached skill level 1 in Crossbows
 21789 | Orc:2    | Found Icwyt's Armour Shoppe.
 21974 | Orc:2    | Found Ucadil's Antique Armour Emporium.
 22232 | Orc:2    | Found Bos Reis's Antique Weapon Emporium.
 22327 | Orc:2    | Found Vuipnal's Antique Weapon Emporium.
 22333 | Orc:2    | Reached XP level 16. HP: 125/139 MP: 24/24
 22586 | Orc:2    | Found Oteboatz's General Store.
 22688 | Orc:2    | Reached skill level 5 in Crossbows
 22797 | Orc:2    | Found Guvigrae's Jewellery Shop.
 22802 | Orc:2    | Found Zemuxk Setso's General Store.
 22821 | Orc:2    | Found a staircase to the Elven Halls.
 23067 | Orc:2    | Found Vuciu's Weapon Boutique.
 23572 | D:12     | Noticed Sonja
 23583 | D:12     | Killed Sonja
 23638 | D:12     | You are sucked into a shaft and drop 1 floor!
 23641 | D:13     | Received a gift from Okawaru
 24509 | D:13     | Received a gift from Okawaru
 24714 | D:13     | Noticed Nessos
 24736 | D:13     | Killed Nessos
 24756 | D:13     | Found a transporter.
 24760 | D:13     | Noticed Jodyom's ghost (journeyman GrMo)
 24807 | D:13     | Noticed Urug
 24821 | D:13     | Killed Urug
 24888 | D:13     | Found a gate to the Vaults.
 24954 | D:13     | Found a transporter.
 25163 | D:13     | Reached skill level 10 in Crossbows
 25595 | D:13     | Found Ysuych's Armour Boutique.
 25678 | D:13     | Noticed Jorgrun
 25697 | D:13     | Killed Jorgrun
 25998 | D:14     | Found a flagged portal.
 26018 | Bailey   | Entered a bailey
 26035 | Bailey   | Reached skill level 17 in Fighting
 26102 | Bailey   | Reached XP level 17. HP: 126/147 MP: 25/25
 26167 | Bailey   | Identified the +3 leather armour of Mumblety Peg {rPois
                  | rN+}
 26339 | D:14     | Noticed Frances
 26365 | D:14     | Killed Frances
 26404 | D:14     | Noticed Rupert
 26417 | D:14     | Killed Rupert
 26417 | D:14     | Received a gift from Okawaru
 26720 | D:15     | Entered Level 15 of the Dungeon
 26962 | D:15     | Found a sacrificial altar of Ru.
 27335 | D:15     | Received a gift from Okawaru
 27452 | D:15     | Found a staircase to the Depths.
 28005 | D:15     | Found a blossoming altar of Fedhas.
 28254 | Spider:1 | Entered Level 1 of the Spider Nest
 28378 | Spider:1 | Noticed Kirke
 28393 | Spider:1 | Killed Kirke
 28637 | Spider:1 | Received a gift from Okawaru
 28769 | Spider:1 | Reached skill level 18 in Fighting
 28783 | Spider:1 | Received a gift from Okawaru
 29051 | Spider:1 | Received a gift from Okawaru
 29074 | Spider:1 | Identified the +5 double sword of the Poles {freeze, rF+}
 29384 | Spider:2 | Reached XP level 18. HP: 157/157 MP: 27/27
 29731 | Spider:2 | Noticed Donald
 29757 | Spider:2 | Killed Donald
 29757 | Spider:2 | Received a gift from Okawaru
 29758 | Spider:2 | Reached skill level 1 in Evocations
 30865 | Spider:3 | Reached skill level 5 in Evocations
 31037 | Spider:3 | Found a runed translucent door.
 31037 | Spider:3 | Noticed Cumifues's ghost (journeyman MiMo)
 31191 | Spider:3 | Received a gift from Okawaru
 31534 | Spider:3 | Identified the +10 ring mail of the Iron City of Dis {Str+5
                  | Dex-4}
 31555 | Spider:4 | Entered Level 4 of the Spider Nest
 31865 | Spider:4 | Reached skill level 15 in Crossbows
 32584 | Spider:4 | Noticed Mara
 32642 | Spider:4 | Reached XP level 19. HP: 132/163 MP: 17/28
 32662 | Spider:4 | Killed Mara
 32895 | Spider:4 | Noticed Bai Suzhen
 32970 | Spider:4 | Killed Bai Suzhen
 32970 | Spider:4 | Received a gift from Okawaru
 33556 | Spider:4 | Reached skill level 10 in Shields
 34612 | Spider:4 | Got a gossamer rune of Zot
 35094 | Shoals:1 | Entered Level 1 of the Shoals
 35348 | Shoals:1 | Noticed Nikola
 35367 | Shoals:1 | Killed Nikola
 36168 | Shoals:1 | Identified the +9 dagger of True Grit {venom, Fly rPois rC+
                  | rCorr}
 36185 | Shoals:2 | Found a transporter.
 36187 | Shoals:2 | Noticed Heezod's ghost (journeyman MiBe)
 36210 | Shoals:2 | Found a transporter.
 36445 | Shoals:2 | Identified the +5 long sword "Cozoimef" {drain, Str+2}
 36610 | Shoals:2 | Reached XP level 20. HP: 170/170 MP: 29/29
 37604 | Shoals:3 | Reached skill level 15 in Shields
 37633 | Shoals:3 | Received a gift from Okawaru
 37887 | Shoals:3 | Received a gift from Okawaru
 38226 | Shoals:3 | Found Nusyr's Mayhem Merchandise.
 38409 | Shoals:4 | Entered Level 4 of the Shoals
 38529 | Shoals:3 | Received a gift from Okawaru
 38687 | Shoals:4 | Received a gift from Okawaru
 38730 | Shoals:4 | Noticed Polyphemus
 38737 | Shoals:4 | Killed Polyphemus
 38747 | Shoals:3 | Identified the +0 kite shield of Ecifoano {rC+} (Okawaru
                  | gifted it to you on level 3 of the Shoals)
 38747 | Shoals:3 | Received a gift from Okawaru
 39711 | Shoals:4 | Identified the +3 scimitar of Undoing {vamp, Will- Int+4
                  | SInv Stlth+}
 39890 | Shoals:4 | Reached XP level 21. HP: 178/178 MP: 30/30
 39901 | Shoals:4 | Got a barnacled rune of Zot
 40520 | Vaults:1 | Entered Level 1 of the Vaults
 40696 | D:13     | Reached skill level 19 in Fighting
 40829 | Vaults:1 | Received a gift from Okawaru
 40886 | Vaults:1 | Reached skill level 5 in Dodging
 41887 | Vaults:1 | Reached skill level 20 in Fighting
 42561 | Vaults:2 | Found a portal to a secret trove of treasure.
 42791 | Vaults:2 | Received a gift from Okawaru
 42936 | Vaults:2 | Reached XP level 22. HP: 141/190 MP: 32/32
 43052 | Vaults:2 | Received a gift from Okawaru
 43400 | Vaults:2 | Found a staircase to the Crypt.
 43524 | Vaults:2 | Received a gift from Okawaru
 44026 | Vaults:3 | Reached skill level 15 in Armour
 44236 | Vaults:3 | Received a gift from Okawaru
 44351 | Vaults:3 | Noticed Frederick
 44427 | Vaults:3 | Killed Frederick
 44600 | Vaults:3 | Identified the +6 ring mail of Living Mirth {Regen+}
                  | (Okawaru gifted it to you on level 3 of the Vaults)
 44600 | Vaults:3 | Received a gift from Okawaru
 44613 | Vaults:3 | Reached skill level 15 in Invocations
 44677 | Vaults:3 | Reached skill level 10 in Evocations
 44842 | Vaults:3 | Reached XP level 23. HP: 175/196 MP: 34/34
 45231 | Vaults:3 | Found Itteonou's Book Shoppe.
 45237 | Vaults:3 | Bought a book of Rime for 364 gold pieces
 45241 | Vaults:3 | Learned a level 3 spell: Frozen Ramparts
 45457 | Vaults:3 | Reached skill level 1 in Spellcasting
 45457 | Vaults:3 | Reached skill level 1 in Ice Magic
 45872 | Vaults:4 | Noticed Sojobo
 45962 | Vaults:4 | Killed Sojobo
 46031 | Vaults:4 | Reached skill level 5 in Spellcasting
 46031 | Vaults:4 | Reached skill level 5 in Ice Magic
 46209 | Vaults:4 | Received a gift from Okawaru
 46355 | Vaults:4 | Received a gift from Okawaru
 46416 | Vaults:4 | Received a gift from Okawaru
 47825 | Elf:1    | Entered Level 1 of the Elven Halls
 48545 | Elf:1    | Noticed Agnes
 48563 | Elf:1    | Killed Agnes
 48566 | Elf:1    | Received a gift from Okawaru
 48613 | Elf:1    | Reached XP level 24. HP: 204/204 MP: 35/35
 49400 | Elf:2    | Found a runed translucent gate.
 49400 | Elf:2    | Found a runed translucent gate.
 49402 | Elf:2    | Found a runed translucent gate.
 49763 | Elf:2    | Found a runed translucent gate.
 49763 | Elf:2    | Found a runed translucent gate.
 49763 | Elf:2    | Found a runed translucent gate.
 50113 | Elf:2    | Reached skill level 10 in Ice Magic
 50612 | Elf:3    | Entered Level 3 of the Elven Halls
 51423 | Elf:3    | Received a gift from Okawaru
 51493 | Elf:3    | Identified the +6 shortbow "Yptasch" {freeze, rF+} (Okawaru
                  | gifted it to you on level 3 of the Elven Halls)
 51493 | Elf:3    | Received a gift from Okawaru
 51612 | Elf:3    | Reached skill level 10 in Spellcasting
 51925 | Elf:3    | Gained mutation: You are dopey. (Int -2) [a cacodemon]
 51927 | Elf:3    | Reached skill level 21 in Fighting
 52244 | Elf:3    | Received a gift from Okawaru
 52392 | Elf:3    | Identified the +8 arbalest of Intimidation {flame, rPois
                  | SInv}
 52426 | Elf:3    | Identified the ring "Ihap" {rC+ Int+4}
 52429 | Elf:3    | Identified the +3 plate armour of the Heavens {Fly}
 52742 | Depths:1 | Entered Level 1 of the Depths
 52862 | Depths:1 | Reached XP level 25. HP: 186/195 MP: 37/37
 52945 | Depths:1 | Received a gift from Okawaru
 53100 | Depths:1 | Noticed Saint Roka
 53147 | Depths:1 | Killed Saint Roka
 53147 | Depths:1 | Received a gift from Okawaru
 53255 | Depths:1 | Found a stormy altar of Qazlal.
 53348 | Depths:1 | Received a gift from Okawaru
 53471 | Depths:1 | Noticed Aizul
 53484 | Depths:1 | Killed Aizul
 53545 | Depths:1 | Found a gateway to Hell.
 53862 | Depths:2 | Found a magical portal.
 53873 | WizLab   | Entered Doroklohe's Tomb
 54108 | WizLab   | Identified the +3 pair of boots of Tegez {Str+4 Int+2}
                  | (Okawaru gifted it to you in a wizard's laboratory)
 54108 | WizLab   | Received a gift from Okawaru
 54137 | WizLab   | Got Sif Muna's Tome of Malediction and Orientation
 54362 | Depths:2 | Reached skill level 22 in Fighting
 54819 | Depths:2 | Identified the +2 quarterstaff "Nacopt" {drain, rPois}
 55017 | Depths:2 | Identified the ring "Tus Leps" {rC+ Int+4}
 55181 | Depths:2 | Found a one-way gate leading to the halls of Pandemonium.
 55926 | Depths:3 | Reached XP level 26. HP: 182/224 MP: 37/37
 55957 | Depths:3 | Found Kumpin's Jewellery Shoppe.
 56213 | Depths:3 | Acquired 754 gold pieces
 56216 | Depths:3 | Acquired a +6 vampiric lajatang
 56432 | Depths:3 | Noticed a juggernaut
 56462 | Depths:2 | Killed a juggernaut
 56626 | Depths:3 | Identified the +1 pair of boots of Couren {rPois rF++ rC-
                  | Int+3}
 56861 | Depths:3 | Received a gift from Okawaru
 57140 | Depths:3 | Identified the +2 arbalest "Goel" {speed, Str+4 Int+2
                  | Stlth+} (Okawaru gifted it to you on level 3 of the Depths)
 57140 | Depths:3 | Received a gift from Okawaru
 57326 | Depths:3 | Found a one-way gate to the infinite horrors of the Abyss.
 57475 | Depths:3 | Reached skill level 23 in Fighting
 58089 | Depths:4 | Found a gateway to a ziggurat.
 58288 | Depths:4 | Received a gift from Okawaru
 58288 | Depths:4 | Found the +9 scales of the Dragon King {rPois rF+ rC+
                  | Will+}
 58577 | Depths:4 | Found an ornate altar of the Wu Jian Council.
 58578 | Depths:4 | Found a stormy altar of Qazlal.
 58578 | Depths:4 | Found a shimmering blue altar of Sif Muna.
 58860 | Depths:4 | Noticed a juggernaut
 58878 | Depths:4 | Killed a juggernaut
 58879 | Depths:4 | Reached skill level 15 in Evocations
 58986 | Depths:4 | Reached XP level 27. HP: 235/235 MP: 37/37
 59696 | Depths:4 | Received a gift from Okawaru
 59782 | Depths:4 | Noticed an ancient lich
 59797 | Depths:4 | Killed an ancient lich
 59801 | Depths:4 | Identified the +2 war axe "Tirrin Faor" {drain, Fragile
                  | rPois Dex+8}
 60880 | Depths:5 | Entered Level 5 of the Depths
 61320 | Vaults:2 | You paid a toll of a +6 demon blade to enter a treasure
                  | trove
 61321 | Trove    | Entered a treasure trove
 61350 | Trove    | Identified the +5 spear of Joyful Slaughter {vorpal, Int+3}
 61372 | Trove    | Identified the amulet "Vyhun" {-Tele Will+++ Regen+ Str-2
                  | Int+4 Dex+2}
 61865 | Depths:5 | Identified the +1 pair of boots of Gyhan {rCorr} (Okawaru
                  | gifted it to you on level 5 of the Depths)
 61865 | Depths:5 | Received a gift from Okawaru
 62040 | Depths:5 | Reached skill level 24 in Fighting
 62467 | Depths:5 | Found a gate to the Realm of Zot.
 62699 | Depths:5 | Found a corrupted altar of Lugonu.
 63066 | Vaults:5 | Entered Level 5 of the Vaults
 63066 | Vaults:5 | Noticed an ancient lich
 63088 | Vaults:4 | Killed an ancient lich
 63375 | Vaults:4 | Reached skill level 25 in Fighting
 63523 | Vaults:4 | Identified the +1 ring mail of Iraklau {rC+++ Regen+ Dex-3
                  | Slay+3} (Okawaru gifted it to you on level 4 of the Vaults)
 63523 | Vaults:4 | Received a gift from Okawaru
 64009 | Vaults:5 | Noticed Mennas
 64048 | Vaults:4 | Killed Mennas
 65034 | Vaults:5 | Got a silver rune of Zot
 65135 | Vaults:5 | Got the Compendium of the Traveller and Changing
 65150 | Vaults:5 | Identified the +0 cloak of the Morning Star {Str+6}
 65164 | Vaults:5 | Identified the +3 ring mail of Death Resistance {Will+
                  | Dex+2}
 65168 | Vaults:5 | Received a gift from Okawaru
 65577 | Vaults:5 | Identified the +4 hand crossbow "Itaric" {freeze, rF- rCorr
                  | Int+5 SInv} (Okawaru gifted it to you on level 5 of the
                  | Vaults)
 65577 | Vaults:5 | Received a gift from Okawaru
 66289 | Vaults:5 | Identified the +0 broad axe of Objectivity {vorpal, SInv}
 67033 | Orc:2    | Bought a ring of protection from fire for 375 gold pieces
 67368 | Zot:1    | Entered Level 1 of the Realm of Zot
 67841 | Zot:1    | Received a gift from Okawaru
 68100 | Zot:1    | Noticed an orb of fire
 68117 | Zot:1    | Killed an orb of fire
 68658 | Zot:1    | Received a gift from Okawaru
 68799 | Zot:1    | Noticed an orb of fire
 68832 | Zot:1    | Killed an orb of fire
 69391 | Zot:2    | Reached skill level 26 in Fighting
 69705 | Zot:2    | Identified the +6 morningstar "Yclear" {antimagic, rC+
                  | Will+}
 70082 | Zot:2    | Identified the +1 leather armour of the Quahog {Will+
                  | Str+3}
 70743 | Zot:2    | Received a gift from Okawaru
 70884 | Zot:2    | Received a gift from Okawaru
 70908 | Zot:2    | Reached skill level 27 in Fighting
 70926 | Zot:3    | Identified the +1 chain mail of Ocerara {-Tele rC+ Int+4
                  | Slay+3} (Okawaru gifted it to you on level 3 of the Realm
                  | of Zot)
 70926 | Zot:3    | Received a gift from Okawaru
 71311 | Zot:3    | Reached skill level 10 in Dodging
 71607 | Zot:3    | Noticed an orb of fire
 71609 | Zot:3    | Gained mutation: Armour fits poorly on your strangely
                  | shaped body. [an orb of fire]
 71614 | Zot:3    | Gained mutation: You sometimes lose the ability to read
                  | scrolls when taking damage. [an orb of fire]
 71629 | Zot:3    | Gained mutation: You are frail. (-10% HP) [an orb of fire]
 71641 | Zot:3    | Killed an orb of fire
 71676 | Zot:2    | Lost mutation: You are frail. (-10% HP) [potion of
                  | mutation]
 71676 | Zot:2    | Lost mutation: You sometimes lose the ability to read
                  | scrolls when taking damage. [potion of mutation]
 71676 | Zot:2    | Lost mutation: You are dopey. (Int -2) [potion of mutation]
 71676 | Zot:2    | Gained mutation: You are covered in fur. (AC +1) [potion of
                  | mutation]
 71845 | Zot:3    | Received a gift from Okawaru
 72797 | Zot:4    | Reached skill level 15 in Staves
 72832 | Zot:4    | Identified the +5 quarterstaff "Ymnyemn" {vorpal, +Blink
                  | Str+3} (Okawaru gifted it to you on level 4 of the Realm of
                  | Zot)
 72832 | Zot:4    | Received a gift from Okawaru
 72850 | Zot:4    | Noticed an orb of fire
 72863 | Zot:4    | Killed an orb of fire
 72945 | Zot:4    | Noticed a Killer Klown
 72979 | Zot:4    | Killed a Killer Klown
 73734 | Zot:5    | Entered Level 5 of the Realm of Zot
 73800 | Zot:5    | Identified the +4 arbalest "Ituar" {penet, Will+} (Okawaru
                  | gifted it to you on level 5 of the Realm of Zot)
 73800 | Zot:5    | Received a gift from Okawaru
 74274 | Zot:5    | Found a sparkling altar of Nemelex Xobeh.
 74504 | Zot:5    | Received a gift from Okawaru
 75060 | Zot:5    | Found a sparkling altar of Nemelex Xobeh.
 76247 | Zot:5    | Found a sparkling altar of Nemelex Xobeh.
 76542 | Zot:5    | Noticed an orb of fire
 76748 | Zot:5    | Noticed an orb of fire
 76750 | Zot:5    | Gained mutation: You sometimes lose the ability to read
                  | scrolls when taking damage. [an orb of fire]
 76762 | Zot:5    | Killed an orb of fire
 76764 | Zot:5    | Noticed a Killer Klown
 76773 | Zot:5    | Killed a Killer Klown
 76790 | Zot:5    | Noticed a Killer Klown
 76793 | Zot:5    | Killed a Killer Klown
 76793 | Zot:5    | Noticed an orb of fire
 76813 | Zot:5    | Killed an orb of fire
 76872 | Zot:5    | Killed an orb of fire
 76889 | Zot:5    | Noticed an orb of fire
 76898 | Zot:5    | Gained mutation: Your spells are a little easier to cast,
                  | but a little less powerful. [an orb of fire]
 76899 | Zot:5    | Gained mutation: You are frail. (-10% HP) [an orb of fire]
 76918 | Zot:5    | Killed an orb of fire
 77000 | Zot:5    | Lost mutation: Armour fits poorly on your strangely shaped
                  | body. [potion of mutation]
 77000 | Zot:5    | Lost mutation: You sometimes lose the ability to read
                  | scrolls when taking damage. [potion of mutation]
 77000 | Zot:5    | Lost mutation: You are frail. (-10% HP) [potion of
                  | mutation]
 77000 | Zot:5    | Gained mutation: You are partially covered in large bone
                  | plates. (SH +4) [potion of mutation]
 77092 | Zot:5    | Noticed a Killer Klown
 77108 | Zot:5    | Killed a Killer Klown
 77108 | Zot:5    | Received a gift from Okawaru
 77236 | Zot:5    | Noticed an orb of fire
 77236 | Zot:5    | Noticed an orb of fire
 77254 | Zot:5    | Gained mutation: You occasionally shout uncontrollably at
                  | your foes. [an orb of fire]
 77260 | Zot:5    | Killed an orb of fire
 77266 | Zot:5    | Killed an orb of fire
 77269 | Zot:5    | Noticed a Killer Klown
 77297 | Zot:5    | Killed a Killer Klown
 77319 | Zot:5    | Noticed an orb of fire
 77329 | Zot:5    | Gained mutation: Your spells are easier to cast, but less
                  | powerful. [an orb of fire]
 77334 | Zot:5    | Gained mutation: You frequently scream uncontrollably at
                  | your foes. [an orb of fire]
 77335 | Zot:5    | Killed an orb of fire
 78289 | Zot:5    | Found a sparkling altar of Nemelex Xobeh.
 79831 | Zot:5    | Got the Orb of Zot
 80132 | Depths:1 | Noticed a seraph
 80145 | Depths:1 | Killed a seraph
 80145 | Depths:1 | Received a gift from Okawaru
 80145 | Depths:1 | Received a gift from Okawaru
 80146 | Depths:1 | Reached skill level 15 in Dodging
 80384 | D:9      | Noticed Sismuask the pandemonium lord
 80581 | D:$      | Escaped with the Orb!

Illustrated notes

Levels and vault maps discovered:
D:1:      minmay_arrival_four_houses, layout_loops_ring,
          ebering_ecumenical_altar_mist, kennysheep_minor_cross
D:2:      layout_basic, basic_altar, serial_undead, serial_undead_a,
          serial_undead_f, serial_undead_b, serial_undead_e
D:3:      layout_loops_corners, uniq_ijyb
D:4:      layout_loops_corners, serial_park_tiny_1, uniq_edmund, uniq_duvessa
D:5:      minmay_diamond_boxcup, layout_layer_cave,
          nicolae_ossuary_entry_catacombs, st_stairs_1
D:6:      layout_basic, minmay_temple_entry_butterflies, uniq_grinder,
          uniq_pikel
D:7:      layout_rooms
D:8:      minmay_the_grid_square_5x5_3x3 [minmay_the_grid_square_5x5_shrine2,
          minmay_the_grid_square_5x5_eight,
          minmay_the_grid_square_5x5_trominoes,
          minmay_the_grid_square_5x5_two_walls_b,
          minmay_the_grid_square_5x5_megaprize_diamond,
          minmay_the_grid_square_5x5_intrusive_squares,
          minmay_the_grid_square_5x5_lines, minmay_the_grid_square_5x5_percent,
          minmay_the_grid_square_5x5_fat_x], layout_loops_ring,
          grunt_temple_overflow_open
D:9:      layout_layer_cave, minmay_door_square
D:10:     layout_basic, orc_0_dummy
D:11:     layout_long_grid, lair_entry_dummy, nzn_ghost_randoct, st_stairs_14
D:12:     layout_irregular_city, uniq_sonja
D:13:     minmay_box_of_statues, layout_loops_corners, david_vaults_3,
          serial_shops, shop_statue, gammafunk_ghost_arena, uniq_jorgrun
D:14:     layout_cave_pools, enter_bailey_5, uniq_rupert, uniq_frances
D:15:     gammafunk_depths_entry_grave, layout_basic, fedhas_altar_4,
          hangedman_ru_absence, uniq_nessos
Temple:   eino_narrow_crystal_temple
Lair:1:   gammafunk_worm_tunnel, layout_chaotic_city, st_stairs_3,
          serial_bayou_pond_c, minmay_lair_oklob_chamber
Lair:2:   layout_roguey, spider_nest_entry_web_field, uniq_maggie, uniq_nergalle
Lair:3:   layout_regular_city, basic_altar, lemuel_fruit_fields,
          serial_bayou_shore_b, serial_bayou_shore_b, serial_bayou_shore_a,
          lemuel_fruit_tree
Lair:4:   layout_cave_pods, shoals_dummy_entry, portal_ice_cave_entry_pillars_2,
          grunt_megastairs_4
Lair:5:   layout_hall_layers, slime_altar_1, kennysheep_snail_temple,
          grunt_megastairs_3, infiniplex_staircase_pool
Lair:6:   gammafunk_lair_ancient_temple, layout_gridlike, basic_altar,
          special_room [special_room_mythical_zoo], st_stairs_3,
          chequers_serial_rivers_small_b
Shoals:1: layout_shoals, uniq_nikola
Shoals:2: layout_shoals, gammafunk_ghost_berserking_beasts,
          nicolae_shoals_siren_and_animal_friends
Shoals:3: layout_shoals, minmay_shop_mayhem, nicolae_shoals_lost_giant_pillars,
          nicolae_shoals_nymph_descending_staircase
Shoals:4: shoals_end_hellmonk_lost_city, uniq_polyphemus
Spider:1: layout_spider_delve, uniq_kirke
Spider:2: nicolae_spider_hilbert_zone_2 [nicolae_spider_hilbert_4_sides_1_open,
          nicolae_spider_hilbert_4_sides_1_open,
          nicolae_spider_hilbert_4_sides_1_open,
          nicolae_spider_hilbert_4_sides_1_open,
          nicolae_spider_hilbert_6_sides_1_open,
          nicolae_spider_hilbert_6_sides_1_open,
          nicolae_spider_hilbert_3_sides_1_open,
          nicolae_spider_hilbert_3_sides_1_open,
          nicolae_spider_hilbert_3_sides_1_open,
          nicolae_spider_hilbert_3_sides_1_open,
          nicolae_spider_hilbert_6_sides_1_open,
          nicolae_spider_hilbert_6_sides_1_open,
          nicolae_spider_hilbert_6_sides_1_open,
          nicolae_spider_hilbert_6_sides_1_open], nicolae_spider_stair_cavern,
          uniq_donald
Spider:3: layout_spider_delve, ebering_ghost_inner_flame
Spider:4: grunt_spider_rune_parallel, uniq_mara, uniq_bai_suzhen
Orc:1:    layout_caves, nicolae_volcano_entry_lava_flow, uniq_josephine
Orc:2:    grunt_orc_gardens, layout_caves, grunt_orc_garden, grunt_orc_garden,
          grunt_orc_garden, grunt_orc_garden, serial_shops,
          nicolae_lakefront_shop, nicolae_shop_stone, nicolae_shop_behind_doors,
          nicolae_square_shop
Elf:1:    minmay_elf_arrival_plus, layout_geoelf_octagon,
          hangedman_elf_represent, uniq_agnes
Elf:2:    elven_hall_of_blades_hangedman_original [nooodl_blade_entry_preview],
          layout_onion_city, ploomutoo_gammafunk_ghost_potion_laboratory,
          st_stairs_12
Elf:3:    elf_hall, layout_loops_corners, glass_columns_c
Vaults:1: ontoclasm_vaults_spin, v_misc_15, nicolae_vaults_stairing_the_circle,
          vaults_mumra_hex, v_misc_29, v_rooms_1, hangedman_vaults_nails,
          nicolae_vaults_little_squares_4, v_misc_19, vaults_room_hallway,
          layout_vaults_omnicross
Vaults:2: v_alt_pattern_5, nicolae_vaults_an_arrangement,
          hangedman_vaults_unwind, minmay_crypt_entry_simple_sparse,
          vaults_room_grunt_arrival_checkpoint, layout_vaults_omnigrid,
          enter_trove_5
Vaults:3: v_rooms_2, ontoclasm_vaults_ring_square,
          nicolae_vaults_ring_of_whatevers, nicolae_vaults_back_hallway,
          vaults_dpeg_encased_lava, v_misc_1, v_misc_12, v_rooms_6,
          ontoclasm_vaults_pinch, nicolae_vaults_mini_display_case,
          vaults_dpeg_hooks, ontoclasm_vaults_ring_large, v_misc_28,
          vaults_dpeg_spiral, layout_vaults_maze_bifur, serial_shops,
          nicolae_shop_trees, uniq_frederick
Vaults:4: vaults_room_pool, vaults_mumra_chevron_long, v_misc_18, v_pattern_5,
          dpeg_vaults_monster_row, v_misc_24, hangedman_vaults_cutoff,
          grunt_vaults_hallway_short, hangedman_vaults_maws,
          nicolae_vaults_diagonal_hallway_6, v_misc_12, layout_vaults_ring,
          uniq_sojobo
Vaults:5: uniq_mennas
Depths:1: layout_big_octagon, lightli_too_deep, grunt_qazlal_clouds,
          serial_bayou_lagoon_a, grunt_ministairs_3, kennysheep_generic_room_6,
          uniq_saint_roka, uniq_aizul
Depths:2: evilmike_hourglass, layout_basic, rand_demon_pan_entry_3, hell_entry,
          mu_enter_wizlab_3, grunt_megastairs_5
Depths:3: hangedman_arch_fort, layout_cave_pools, hangedman_decor_lopped,
          minmay_room_of_horrors, rand_demon_pan_entry_9, serial_shops,
          nicolae_diamond_shop, pf_coc_iceberg, kennysheep_cross_room
Depths:4: hangedman_slaughterboxes, serial_shops, abyss_entry, hell_entry
Depths:5: evilmike_zot_entry_round, layout_cave_pools, abyss_entry_flame_altar,
          pf_vacation_house_of_asmodeus, hangedman_decor_slide_cut
Zot:1:    kennysheep_bubbly, layout_twisted_circle, zot_minivault_5
Zot:2:    layout_concentric_octagons
Zot:3:    layout_concentric_octagons, grunt_ministairs_13,
          st_small_dragon_hoard_1, nicolae_lava_and_water,
          hangedman_elemental_corridor
Zot:4:    layout_basic, lemuel_baited_zot_trap, grunt_ministairs_2
Zot:5:    layout_cellular_growth, basic_altar

Skill      XL: |  1  2  3  4  5  6  7  8  9 10 11 12 13 14 15 16 17 18 19 20 21 22 23 24 25 26 27 |
---------------+----------------------------------------------------------------------------------+-----
Shields        | 4 5 6 7 9 14 15 | 15.0
Staves         | 3 4 5 6 8 9 10 12 13 14 18 | 18.0
Fighting       | 4 6 9 10 11 13 14 15 16 17 18 20 21 22 23 27 | 27.0
Armour         | 5 8 9 10 12 13 15 16 22 | 22.0
Invocations    | 3 5 7 8 10 11 12 13 15 16 17 18 19 | 19.0
Dodging        | 2 3 4 6 15 | 15.4
Crossbows      | 3 10 13 15 16 17 18 | 18.0
Evocations     | 5 8 10 13 15 19 | 19.0
Spellcasting   | 8 10 | 10.0
Ice Magic      | 7 11 | 11.0

Action                   |  1- 3 |  4- 6 |  7- 9 | 10-12 | 13-15 | 16-18 | 19-21 | 22-24 | 25-27 || total
-------------------------+-------+-------+-------+-------+-------+-------+-------+-------+-------++-------
Melee: Quarterstaff      |    82 |   123 |   367 |    13 |    76 |     7 |       |       |       ||   668
       Dagger            |       |    23 |    12 |    47 |       |       |       |       |       ||    82
       Lajatang          |       |       |    93 |   479 |   997 |  1197 |   929 |   517 |  2458 ||  6670
 Fire: Shortbow          |       |     6 |    34 |   108 |   161 |       |       |       |       ||   309
       Arbalest          |       |       |       |       |    17 |   341 |   536 |   828 |  1442 ||  3164
       Triple crossbow   |       |       |       |       |       |     3 |     2 |       |       ||     5
 Cast: Frozen Ramparts   |       |       |       |       |       |       |       |     5 |   123 ||   128
Invok: Heroism           |       |       |       |     5 |    10 |    12 |    18 |    10 |    17 ||    72
       Finesse           |       |       |       |       |     1 |     5 |     5 |     6 |    14 ||    31
 Abil: Dig               |       |     2 |     2 |     7 |    20 |    31 |     5 |     5 |    52 ||   124
Evoke: Wand              |       |       |     3 |     5 |       |     2 |     5 |     4 |    19 ||    38
       Condenser vane    |       |       |       |     1 |       |     1 |     1 |       |       ||     3
       Tin of tremorston |       |       |       |       |       |       |     3 |     1 |     2 ||     6
       Phantom mirror    |       |       |       |       |       |       |       |     1 |       ||     1
       Lightning rod     |       |       |       |       |       |       |       |     3 |     2 ||     5
  Use: Scroll            |       |     6 |    14 |     9 |     6 |     8 |     5 |     2 |    26 ||    76
       Potion            |       |     1 |       |       |     1 |     1 |     2 |       |     6 ||    11
 Stab: Distracted        |       |       |       |       |     2 |       |       |       |     1 ||     3
       Confused          |       |       |       |       |       |       |     1 |       |       ||     1
       Paralysed         |       |       |       |       |       |       |       |       |     2 ||     2
Armor: Scale mail        |    28 |     4 |       |       |       |       |       |       |       ||    32
       Ring mail         |       |    34 |   108 |    72 |       |       |       |       |       ||   214
       Gold dragon scale |       |       |       |   138 |   412 |   780 |   491 |   262 |   741 ||  2824
Dodge: Dodged            |    30 |    49 |   139 |   127 |   104 |   289 |   199 |   124 |   394 ||  1455
Block: Kite shield       |    49 |    70 |   224 |   295 |   401 |   707 |    22 |       |       ||  1768
       Tower shield      |       |       |       |       |       |       |  1168 |   715 |  1962 ||  3845
       Reflection        |       |       |       |       |       |       |   103 |   122 |    83 ||   308
